 Dungeon Crawl Stone Soup version 0.28.0-56-g4927b6849a (webtiles) character file.

Game seed: 15632204868567398207

18 NotaViper the Skirmisher (level 2, -4/24 HPs)
             Began as a Demonspawn Abyssal Knight on Feb 7, 2023.
             Was a Follower of Lugonu.
             Slain by a worm (9 damage)
             ... on level 2 of the Dungeon.
             The game lasted 00:04:49 (1472 turns).

NotaViper the Skirmisher (DsAK)                     Turns: 1472, Time: 00:04:49

Health: -4/24      AC:  4    Str: 13    XL:     2   Next: 48%
Magic:  4/4        EV: 11    Int: 17    God:    Lugonu [*.....]
Gold:   39         SH:  0    Dex: 13    Spells: 1/1 levels left

rFire   . . .      SeeInvis .   a - +1 falchion
rCold   . . .      Faith    .   (no shield)
rNeg    . . .      Spirit   .   b - +0 leather armour
rPois   .          Reflect  .   (no helmet)
rElec   .          Harm     .   j - +0 cloak
rCorr   .          Rampage  .   (no gloves)
Will    .....                   (no boots)
Stlth   +.........              (no amulet)
HPRegen 0.08/turn               d - +6 ring of intelligence
MPRegen 0.09/turn               (no ring)

@: no status effects
A: demonic touch 1
a: Renounce Religion, Depart the Abyss


You were on level 2 of the Dungeon.
You worshipped Lugonu.
Lugonu was aware of your devotion.
You visited 1 branch of the dungeon, and saw 2 of its levels.
You visited the Abyss 1 time.

You collected 39 gold pieces.

Inventory:

Hand Weapons
 a - a +1 falchion (weapon)
 e - a +0 spear
Missiles
 c - 25 arrows
 g - 35 stones
 k - 15 sling bullets
Armour
 b - a +0 leather armour (worn)
 j - a +0 cloak (worn)
Jewellery
 d - a +6 ring of intelligence (left hand)
Scrolls
 i - a scroll of enchant weapon {unknown}
Potions
 f - a potion of brilliance {unknown}
 h - a potion of might {unknown}


   Skills:
 + Level 3.4 Fighting
 + Level 2.0 Long Blades
 + Level 1.8 Armour
 + Level 0.9 Dodging
 + Level 2.9 Invocations


You had one spell level left.
You didn't know any spells.
Your spell library contained the following spells:

 Spells                   Type           Power      Damage    Failure   Level
 Mephitic Cloud           Conj/Pois/Air  0%         N/A       65%         3
 Swiftness                Air            0%         N/A       65%         3
 Olgreb's Toxic Radiance  Pois           0%         N/A       96%         4


Dungeon Overview and Level Annotations

Branches:
Dungeon (2/15)

Altars:


Innate Abilities, Weirdness & Mutations

Your touch may inflict minor irresistible damage on your foes.


Message History

Found 15 sling bullets.
Found a cloak.
i - a scroll labelled DITOGA BEM You see here a +0 cloak.
j - a +0 cloak You start putting on your armour.
You continue putting on your +0 cloak. x4
You finish putting on your +0 cloak.
Okay, then.
You see here 15 sling bullets.
k - 15 sling bullets You open the door.
There is an open door here.
You enter the shallow water.
Moving in this stuff is going to be slow.
Found a stone staircase leading down.
A worm comes into view.
You slash the worm!
The worm is moderately wounded.
The worm bites you.
You hit the worm.
The worm is severely wounded.
The worm bites you but does no damage.
You barely miss the worm.
The worm is heavily wounded.
You barely miss the worm.
The worm is heavily wounded.
The worm bites you.
You hit the worm.
The worm is heavily wounded.
The worm bites you!
You barely miss the worm.
The worm is heavily wounded.
You hit the worm.
The worm is severely wounded.
The worm bites you.
* * * LOW HITPOINT WARNING * * *
You barely miss the worm.
The worm is severely wounded.
The worm bites you!
You die...

### #.# ..# #.#
#.# #.#
#.#####.#######
#..w@..........
#######.######.
#.#>. #.#.#
#.#.# #.#.#
#.#.#
#.#.####.....
#.....#8....


You could see a worm.

Vanquished Creatures
  2 ball pythons
  5 goblins
  2 hobgoblins (D:1)
  A quokka (D:1)
  2 frilled lizards
  7 rats (D:1)
19 creatures vanquished.

Notes
Turn   | Place    | Note
-------+----------+-------------------------------------------
     0 | Abyss:1  | NotaViper the Demonspawn Abyssal Knight began the quest for
                  | the Orb.
     0 | Abyss:1  | Reached XP level 1. HP: 18/18 MP: 2/2
    38 | D:1      | Escaped the Abyss
   544 | D:1      | Gained mutation: Your touch may inflict minor irresistible
                  | damage on your foes. [demonic ancestry]
   544 | D:1      | Reached XP level 2. HP: 15/24 MP: 4/4
  1315 | D:2      | Got Plog's Guide on Cankerous Lightness
  1472 | D:2      | Slain by a worm

Illustrated notes

Levels and vault maps discovered:
D:1:      dpeg_arrival_ratfight, layout_basic
D:2:      wander_river, layout_basic, serial_corexii_hall,
          chequers_hall_statues_wall_a, corexii_hall_statues_deadend,
          corexii_hall_statues_i, chequers_hall_statues_y, uniq_natasha

Skill      XL: |  1  2 |
---------------+-------+-----
Long Blades    | 2 |  2.0
Fighting       | |  3.4
Armour         | |  1.8
Dodging        | |  0.9
Invocations    | |  2.9

Action                   || total
-------------------------++-------
Melee: Falchion          ||    60
       Touch             ||     2
Armor: Leather armour    ||    13
Dodge: Dodged            ||    35
